 Dungeon Crawl Stone Soup version 0.18-a0-943-g2c08dd4 (webtiles) character file.

933 4thArraOfDagon the Cleaver (level 8, -5/106 HPs)
             Began as a Hill Orc Berserker on Dec 28, 2015.
             Was a Believer of Trog.
             Slain by a centaur (6 damage)
             ... on level 7 of the Dungeon.
             The game lasted 00:07:27 (1516 turns).

4thArraOfDagon the Cleaver (Hill Orc Berserker)     Turns: 1516, Time: 00:07:28

Health: -5/106     AC:  7    Str: 25    XL:     8   Next: 11%
Magic:  8/8        EV: 10    Int:  9    God:    Trog [**....]
Gold:   113        SH:  0    Dex: 10    Spells: 0 memorised, 7 levels left

rFire  . . .     SeeInvis .     a - +0 hand axe
rCold  . . .     Gourm    .     m - +0 scale mail
rNeg   . . .     Faith    .     (no shield)
rPois  .         Spirit   .     (no helmet)
rElec  .         Dismiss  .     (no cloak)
rCorr  .         Reflect  .     (no gloves)
SustAt .         Harm     .     (no boots)
MR     ++...                    (no amulet)
Stlth  ..........               (no ring)
                                h - ring of loudness

@: berserking, regenerating, very quick, very resistant to hostile enchantments,
extremely unstealthy
A: no striking features
a: Berserk, Trog's Hand, Burn Spellbooks, Renounce Religion


You were on level 7 of the Dungeon.
You worshipped Trog.
Trog was pleased with you.
You were hungry.

You visited 1 branch of the dungeon, and saw 8 of its levels.

You collected 289 gold pieces.
You spent 176 gold pieces at shops.

Inventory:

Hand Weapons
 a - a +0 hand axe (weapon)
Armour
 m - a +0 scale mail (worn)
Jewellery
 h - a ring of loudness (left hand)
Wands
 g - a wand of disintegration (12/24)
 n - a wand of polymorph (13/24)
 y - a wand of cold (6/15)
Scrolls
 b - 3 scrolls of remove curse
 d - a scroll of teleportation {unknown}
 e - a scroll of blinking {unknown}
 k - 2 scrolls of identify {unknown}
 l - a scroll of fear {unknown}
 o - a scroll of noise
 q - a scroll of enchant weapon {unknown}
 u - 2 scrolls of amnesia {unknown}
 w - a scroll of fog {unknown}
Potions
 i - a potion of brilliance {unknown}
 j - 2 potions of lignification {unknown}
 p - a potion of might {unknown}
 r - 2 potions of mutation {unknown}
 t - a potion of invisibility {unknown}
 z - a potion of flight {unknown}
Books
 v - a book of Summonings

   Spells                             Type                      Level
   a - Recall                         Summoning/Translocation      3
   b - Aura of Abjuration             Summoning                    5
   c - Shadow Creatures               Summoning                    5
   d - Summon Demon                   Summoning                    5
   e - Summon Forest                  Summoning/Translocation      5
   f - Summon Mana Viper              Hexes/Summoning              5
   Trog disapproves of the use of such an item.
Comestibles
 c - 4 bread rations
 f - a slice of pizza
 s - a meat ration
 x - a chunk of flesh


   Skills:
 + Level 6.4 Fighting
 * Level 9.3 Axes
 + Level 5.3 Armour
 - Level 1.5 Dodging


You had 7 spell levels left.
You didn't know any spells.

Dungeon Overview and Level Annotations

Branches:
Dungeon (8/15)
 Temple: D:4-7         Lair: D:8-11

Altars:
Ashenzari
Xom

Shops:
D:7 }


Message History

The centaur is moderately wounded.
The centaur unwields an uncursed shortbow.
The centaur hits you.
* * * LOW HITPOINT WARNING * * *
You closely miss the ogre.
The ogre is heavily wounded.
You barely miss the centaur.
The centaur is moderately wounded.
The centaur hits you.
* * * LOW HITPOINT WARNING * * *
Unknown command.
You slash the ogre!
The ogre is almost dead.
You hit the centaur.
The centaur is moderately wounded.
You feel the effects of Trog's Hand fading.
The ogre hits you with a giant club!
* * * LOW HITPOINT WARNING * * *
The centaur hits you.
You die...

... ... ...
#.# #.# #.#
#.# #@######
#cO....## ###
#.####..##..
#.##.......
#.##.###.###
#....#..c..#
####O#.(...#.#
#.(((.>...#
#.#.....#.#


You could see an ogre and a centaur.

Vanquished Creatures
  Eustachio (D:5)
  A crocodile (D:8)
  3 ogres
  A big kobold (D:8)
  2 giant frogs (D:8)
  A hound (D:8)
  An orc priest (D:8)
  A giant frog skeleton (D:8)
  2 orc wizards (D:8)
  A worker ant (D:6)
  A hound skeleton (D:5)
  7 adders
  An adder skeleton (D:4)
  A worm (D:4)
  4 giant geckos
  4 orcs
  3 giant cockroaches
  2 goblins
  3 hobgoblins
  3 jackals (D:3)
  2 quokkas
  A ball python (D:4)
  A bat (D:1)
  2 giant gecko skeletons (D:4)
  A giant newt (D:3)
  5 kobolds
  3 rats
58 creatures vanquished.

Notes
Turn   | Place    | Note
--------------------------------------------------------------
     0 | D:1      | 4thArraOfDagon the Hill Orc Berserker began the quest for the Orb.
     0 | D:1      | Reached XP level 1. HP: 19/19 MP: 1/1
    84 | D:2      | Found a shattered altar of Ashenzari.
   145 | D:1      | Reached XP level 2. HP: 25/27 MP: 2/2
   228 | D:2      | Reached XP level 3. HP: 33/33 MP: 3/3
   272 | D:2      | Reached skill level 5 in Axes
   386 | D:2      | Reached XP level 4. HP: 15/41 MP: 4/4
   456 | D:2      | Reached ** piety under Trog
   597 | D:4      | Noticed an ogre
   602 | D:4      | Killed an ogre
   602 | D:4      | Reached skill level 6 in Axes
   602 | D:4      | Reached XP level 5. HP: 47/47 MP: 5/5
   700 | D:4      | Found a shimmering altar of Xom.
   767 | D:5      | Entered Level 5 of the Dungeon
   938 | D:5      | Noticed Eustachio
   952 | D:5      | Killed Eustachio
   952 | D:5      | Reached skill level 5 in Fighting
   952 | D:5      | Reached skill level 7 in Axes
   952 | D:5      | Reached XP level 6. HP: 56/56 MP: 6/6
  1109 | D:6      | Out of bounds monster: igor's ghost at (0, 0), midx = 3 Monster igor's ghost in rock_wall at (0, 0)
  1115 | D:6      | Reached XP level 7. HP: 61/61 MP: 7/7
  1172 | D:6      | Reached skill level 8 in Axes
  1223 | D:7      | Found Yguisek's Gadget Shop.
  1231 | D:7      | Bought a wand of disintegration (12/24) for 176 gold pieces
  1338 | D:8      | Reached skill level 9 in Axes
  1338 | D:8      | Reached skill level 5 in Armour
  1381 | D:8      | Reached XP level 8. HP: 8/71 MP: 8/8
  1516 | D:7      | HP: 1/106 [ogre/giant club (15)]
  1516 | D:7      | Slain by a centaur

Vault maps used:
D:1:      dpeg_arrival_stonehenge_8_columns, minmay_surrounded
D:2:      evilmike_ruin_ashenzari, uniq_iyjb
D:3:      cheibriados_altar_1, grunt_dithmenos_smoke_and_mirrors,
          grunt_pakellas_salt
D:4:      nicolae_overflow_crystal_walls, first_bread, nicolae_zen_rock_garden,
          nicolae_qazlal_style_of_elements
D:5:      uniq_sigmund, uniq_duvessa, uniq_eustachio
D:6:      marbit_many_paths, overflow_temple_1_default, minitemple,
          lemuel_temple_firewalk_marked
D:7:      serial_shops, nicolae_shop_crystal, st_stairs_3
D:8:      basic_altar

Action                   |  1- 3 |  4- 6 |  7- 9 || total
-------------------------+-------+-------+-------++-------
Melee: Hand axe          |    45 |    92 |    72 ||   209
Invok: Berserk           |     5 |     4 |     4 ||    13
       Trog's Hand       |       |       |     3 ||     3
  Use: Potion            |     2 |       |       ||     2
       Scroll            |       |     2 |       ||     2
  Eat: Chunk             |     2 |     6 |     4 ||    12
       Pizza             |       |     1 |       ||     1
       Beef jerky        |       |       |     1 ||     1
